 Dungeon Crawl Stone Soup version 0.27.1-34-g3ba077fa99 (webtiles) character file.

Game seed: 11372577889328343600

13783 ticklebelly the Fighter (level 11, -14/157 HPs)
             Began as a Minotaur Berserker on Jan 3, 2022.
             Was a High Priest of Trog.
             Hit by a large rock thrown by a cyclops (23 damage)
             ... on level 10 of the Dungeon.
             The game lasted 00:35:26 (7934 turns).

ticklebelly the Fighter (Minotaur Berserker)        Turns: 7934, Time: 00:35:26

Health: -14/157    AC:  8    Str: 30    XL:     11   Next: 80%
Magic:  10/10      EV: 15    Int:  4    God:    Trog [*****.]
Gold:   692        SH:  0    Dex: 15    Spells: 10/10 levels left

rFire    . . .     SeeInvis .   A - +3 battleaxe (flame)
rCold    . . .     Faith    .   (shield currently unavailable)
rNeg     . . .     Spirit   .   v - +0 swamp dragon scales
rPois    +         Reflect  .   (helmet restricted)
rElec    .         Harm     .   (no cloak)
rCorr    .         Rampage  .   B - +0 pair of gloves
Will     +....                  O - +2 pair of boots
Stlth    ..........             i - amulet of regeneration
HPRegen  1.36/turn              f - ring of willpower
MPRegen  0.12/turn              M - ring of the Evening {rPois Str+6 Dex+4}

@: berserking, corroded, studying Unarmed Combat, very quick
A: horns 2, retaliatory headbutt
a: Renounce Religion, Berserk, Trog's Hand, Brothers in Arms


You were on level 10 of the Dungeon.
You worshipped Trog.
Trog was extremely pleased with you.
You visited 1 branch of the dungeon, and saw 10 of its levels.
You visited the Abyss 1 time.
You also visited: Bailey.

You collected 887 gold pieces.
You spent 195 gold pieces at shops.

Inventory:

Hand Weapons
 o - a +1 antimagic flail
 A - a +3 battleaxe of flaming (weapon)
 P - a +3 vorpal executioner's axe
Missiles
 C - 46 boomerangs (quivered)
Armour
 e - a +0 chain mail
 v - +0 swamp dragon scales (worn)
 B - a +0 pair of gloves (worn)
 O - a +2 pair of boots (worn)
Jewellery
 a - a ring of fire
 f - a ring of willpower (left hand)
 i - an amulet of regeneration (around neck)
 w - a ring of fire
 L - a ring of protection from cold
 M - the ring of the Evening (right hand) {rPois Str+6 Dex+4}
   (You acquired it in a bailey)

   [ring of strength]

   Str:       It affects your strength (+6).
   Dex:       It affects your dexterity (+4).
   rPois:     It protects you from poison.
Wands
 k - a wand of flame (39)
 y - a wand of acid (1)
 D - a wand of charming (3)
 H - a wand of mindburst (17)
 N - a wand of digging (7)
Scrolls
 b - a scroll of torment {unknown}
 g - a scroll of amnesia
 j - 2 scrolls of enchant weapon
 l - 7 scrolls of identify {unknown}
 m - 6 scrolls of teleportation {unknown}
 n - a scroll of fear {unknown}
 q - 4 scrolls of enchant armour {unknown}
 x - 3 scrolls of noise {unknown}
 z - 4 scrolls of fog {unknown}
 E - 2 scrolls of magic mapping {unknown}
 G - a scroll of vulnerability {unknown}
Potions
 c - a potion of berserk rage {unknown}
 d - 6 potions of curing {unknown}
 h - 3 potions of lignification {unknown}
 p - 2 potions of mutation {unknown}
 s - 2 potions of might
 t - 2 potions of ambrosia {unknown}
 u - 3 potions of attraction {unknown}
 F - a potion of haste {unknown}
 I - a potion of magic {unknown}
 J - a potion of invisibility {unknown}
 K - a potion of experience


   Skills:
 + Level 12.7 Fighting
 + Level 12.6 Axes
 + Level 12.4 Armour
 - Level 7.5 Dodging


You had 10 spell levels left.
You didn't know any spells.
Your spell library was empty.

Dungeon Overview and Level Annotations

Branches:
Dungeon (10/15)            Temple (0/1) D:6             Orc (0/2) D:10
 Bailey (visited)
   Lair: D:8-11

Altars:
Ashenzari
Fedhas
Gozag
Kikubaaqudgha
Nemelex Xobeh
Okawaru
Sif Muna
Xom
The Shining One

Shops:
D:5 :   D:10 :*


Innate Abilities, Weirdness & Mutations

You have a pair of horns on your head.
You reflexively headbutt those who attack you in melee.


Message History

You barely miss the yak. You slash the yak! You burn the yak.
You slash the yak! You burn the yak.
You kill the yak!
The yak's corpse dissolves into shadows!
You barely miss the komodo dragon. The komodo dragon barely misses you.
You furiously retaliate!
You headbutt the komodo dragon, but do no damage.
The yak gores you! Something hits you. The yak gores you.
The yak closely misses you. You furiously retaliate!
You headbutt the yak, but do no damage. The komodo dragon bites you!
You barely miss something. You hit the yak. You burn the yak. You hit the yak.
You burn the yak.
You kill the yak!
The yak's corpse dissolves into shadows!
You slice the brown ugly thing!! You burn the brown ugly thing!
You slash the komodo dragon! You burn the komodo dragon.
Something barely misses you. The brown ugly thing pecks you!
You are splashed with acid!
* * * LOW HITPOINT WARNING * * *
Something hits you but does no damage. The yak gores you.
* * * LOW HITPOINT WARNING * * *
The komodo dragon misses you. You furiously retaliate!
You headbutt the komodo dragon!
A red film seems to cover your vision as you go berserk!
You feel yourself moving faster!
You feel mighty!
The brown ugly thing completely misses you.
You furiously retaliate!
You headbutt the brown ugly thing!
You hear some strange, mumbled words.
The yak closely misses you. The komodo dragon bites you!!
* * * LOW HITPOINT WARNING * * *
You slice the yak!! You burn the yak. You headbutt the yak!
The yak is almost dead.
You hit the komodo dragon. You burn the komodo dragon.
You feel the power of Trog in you as your rage grows.
You kill the komodo dragon!
The komodo dragon's corpse dissolves into shadows!
Your swamp dragon scales prevents you from hitting the brown ugly thing.
You slash the yak! You burn the yak. The brown ugly thing barely misses you.
The cyclops throws a large rock.
The large rock hits you!!
You die...

...###.....#....
#...#...##..#....
.#...#.[..#..#....
.#......=......#..
....#..#..[.#...#.. ..
.....#..##...#...#..
.........#.....###.s.#..
.........##....Y@Y..##..
.....?.(..####.u.Y..#...
..# #..........YC.###...
..# #.........#####.....
..###...................
........................
........................
........................
......................


You could see a brown ugly thing, a cyclops, an orb spider shaped shifter
(charged) and 4 yaks.

Vanquished Creatures
  An orc warlord (Bailey)
  A centaur warrior (D:10)
  3 two-headed ogres
  Pikel (D:7)
  An orc knight (Bailey)
  Joseph (D:9)
  A large abomination (Abyss:2)
  Maggie (D:6)
  A komodo dragon (D:10)
  Psyche (D:8)
  2 raiju (Abyss:2)
  2 shadows (D:10)
  The ghost of hilljack the Chiller, an amateur GrIE (D:3)
  A wraith (D:9)
  5 yaks
  A steam dragon (D:5)
  Duvessa (D:6)
  A water moccasin (D:8)
  A two-headed ogre zombie (D:10)
  An orc warrior (Bailey)
  2 sky beasts (D:6)
  An ice beast (D:6)
  A black bear (D:4)
  A hornet zombie (D:8)
  4 ogres
  3 necrophages
  A phantom (D:10)
  4 centaurs
  5 bullfrogs
  2 kobold brigands
  A gnoll sergeant (D:8)
  4 scorpions
  Dowan (D:6)
  A water moccasin zombie (D:6)
  A wyvern skeleton (D:7)
  A troll zombie (D:10)
  13 wights
  4 killer bees (D:10)
  2 howler monkeys
  3 hounds
  A jelly (D:6)
  A bullfrog zombie (D:7)
  3 orc priests
  A centaur skeleton (D:6)
  3 gnoll shamans
  Crazy Yiuf (D:6)
  3 bullfrog skeletons
  4 iguanas
  7 orc wizards
  6 ogre zombies (D:10)
  3 howler monkey zombies
  15 gnolls
  12 adders
  A howler monkey skeleton (D:5)
  3 river rats (D:6)
  A shadow imp (D:8)
  A white imp (D:8)
  An adder skeleton (D:4)
  2 worms
  2 dart slugs
  25 orcs
  2 bats (D:1)
  6 endoplasms
  A giant cockroach (D:4)
  8 hobgoblins
  9 jackals
  31 kobolds
  3 quokkas
  2 ball pythons
  3 frilled lizards
  16 goblins
  A goblin skeleton (D:10)
  2 hobgoblin zombies (D:10)
  2 orc skeletons (D:10)
  20 orc zombies (D:10)
  7 rats
292 creatures vanquished.

Vanquished Creatures (collateral kills)
  A draconian shifter (Abyss:2)
  2 thrashing horrors (Abyss:2)
3 creatures vanquished.

Vanquished Creatures (others)
  A human (D:8)
1 creature vanquished.

Grand Total: 296 creatures vanquished

Notes
Turn   | Place    | Note
-------+----------+-------------------------------------------
     0 | D:1      | ticklebelly the Minotaur Berserker began the quest for the
                  | Orb.
     0 | D:1      | Reached XP level 1. HP: 19/19 MP: 0/0
   161 | D:1      | Found a faded altar of an unknown god.
   211 | D:1      | Reached XP level 2. HP: 27/27 MP: 1/1
   808 | D:2      | Reached XP level 3. HP: 33/33 MP: 2/2
   874 | D:2      | Reached ** piety under Trog
  1217 | D:2      | Reached XP level 4. HP: 36/41 MP: 3/3
  1543 | D:3      | Found a broken altar of Ashenzari.
  1684 | D:3      | Found a large runed translucent door.
  1684 | D:3      | Found a large runed translucent door.
  1695 | D:3      | Noticed hilljack's ghost (amateur GrIE)
  1703 | D:3      | Killed hilljack's ghost
  1704 | D:3      | Reached skill level 5 in Fighting
  1704 | D:3      | Reached skill level 5 in Axes
  1704 | D:3      | Reached XP level 5. HP: 48/48 MP: 4/4
  2325 | D:3      | Reached XP level 6. HP: 49/56 MP: 5/5
  2638 | D:4      | Reached *** piety under Trog
  2692 | D:4      | Reached skill level 5 in Armour
  2701 | D:4      | Reached XP level 7. HP: 62/62 MP: 2/6
  3165 | D:5      | Entered Level 5 of the Dungeon
  3271 | D:5      | Reached skill level 5 in Dodging
  3343 | D:5      | Noticed a steam dragon
  3350 | D:5      | Killed a steam dragon
  3409 | D:5      | Found Evymouff's Book Shoppe.
  3470 | D:5      | You fall into a shaft and drop 1 floor!
  3470 | D:6      | Noticed Maggie
  3473 | D:6      | Reached XP level 8. HP: 71/71 MP: 2/7
  3487 | D:6      | Killed Maggie
  3521 | D:6      | Found a sparkling altar of Nemelex Xobeh.
  3550 | D:6      | Found a staircase to the Ecumenical Temple.
  3650 | D:6      | Noticed Duvessa
  3650 | D:6      | Noticed Dowan
  3658 | D:6      | Killed Duvessa
  3659 | D:6      | Killed Dowan
  3777 | D:6      | Reached XP level 9. HP: 60/81 MP: 2/8
  3855 | D:6      | Reached **** piety under Trog
  4327 | D:6      | Found a shimmering altar of Xom.
  4327 | D:6      | Found a faded altar of an unknown god.
  4335 | D:6      | Found a shimmering blue altar of Sif Muna.
  4337 | D:6      | Found a faded altar of an unknown god.
  4339 | D:6      | Found a blossoming altar of Fedhas.
  4500 | D:6      | Found a runed translucent door.
  4501 | D:6      | Noticed Crazy Yiuf
  4506 | D:6      | Killed Crazy Yiuf
  4837 | D:7      | Noticed Pikel
  4856 | D:7      | Killed Pikel
  4857 | D:7      | Reached XP level 10. HP: 85/92 MP: 9/9
  5203 | D:8      | Found an iron altar of Okawaru.
  5249 | D:8      | Reached ***** piety under Trog
  5318 | D:8      | Noticed a two-headed ogre
  5322 | D:8      | Killed a two-headed ogre
  5323 | D:8      | Reached skill level 10 in Fighting
  5323 | D:8      | Reached skill level 10 in Axes
  5327 | D:8      | Reached skill level 10 in Armour
  5415 | D:8      | Noticed a two-headed ogre
  5420 | D:8      | Noticed Psyche
  5422 | D:8      | Killed a two-headed ogre
  5426 | D:8      | Cast into level 2 of the Abyss (Psyche)
  5500 | Abyss:2  | Noticed a thrashing horror
  5501 | Abyss:2  | Noticed a thrashing horror
  5502 | Abyss:2  | Noticed a large abomination
  5503 | Abyss:2  | Killed a thrashing horror
  5506 | Abyss:2  | Killed a thrashing horror
  5508 | Abyss:2  | Noticed a yellow draconian shifter
  5511 | Abyss:2  | Killed a large abomination
  5526 | Abyss:2  | Killed a yellow draconian shifter
  5529 | D:8      | Escaped the Abyss
  5594 | D:8      | Killed Psyche
  5595 | D:8      | Reached XP level 11. HP: 102/102 MP: 10/10
  5962 | D:8      | Found an ancient bone altar of Kikubaaqudgha.
  6287 | D:9      | Found an opulent altar of Gozag.
  6399 | D:9      | Found a flagged portal.
  6435 | Bailey   | Entered a bailey
  6440 | Bailey   | Noticed an orc warlord
  6504 | Bailey   | Noticed an orc knight
  6514 | Bailey   | Killed an orc knight
  6517 | Bailey   | Found a runed translucent gate.
  6524 | Bailey   | Found a runed translucent gate.
  6549 | Bailey   | Found a runed translucent gate.
  6654 | Bailey   | Killed an orc warlord
  6728 | Bailey   | Acquired the ring of the Evening {rPois Str+6 Dex+4}
  6968 | D:9      | Found a glowing golden altar of the Shining One.
  7283 | D:9      | Noticed Joseph
  7293 | D:9      | Killed Joseph
  7538 | D:10     | Entered Level 10 of the Dungeon
  7570 | D:10     | Found Ysyopp's Assorted Antiques.
  7575 | D:10     | Noticed a centaur warrior
  7577 | D:10     | Noticed a two-headed ogre
  7581 | D:10     | Killed a centaur warrior
  7584 | D:10     | Killed a two-headed ogre
  7616 | D:10     | Bought a pair of embroidered boots for 195 gold pieces
  7706 | D:10     | Found a staircase to the Orcish Mines.
  7716 | D:10     | Received a gift from Trog
  7748 | D:10     | Found Fiymmip's Book Boutique.
  7919 | D:10     | Noticed a brown ugly thing
  7921 | D:10     | Noticed an orb spider
  7921 | D:10     | a yak changed into an orb spider
  7934 | D:10     | Hit by a large rock thrown by a cyclops

Illustrated notes

Levels and vault maps discovered:
D:1:      lemuel_arrival_hallway, layout_loops_ring,
          ebering_ecumenical_altar_sacrificial
D:2:      layout_basic, kennysheep_generic_room_13
D:3:      layout_basic, ashenzari_altar_1, ebering_ghost_disaster_area
D:4:      layout_loops_ring
D:5:      layout_cave_pools, serial_shops, shop_fountains
D:6:      kennysheep_six_static_rooms, layout_cave_pools,
          mainiacjoe_overflow_cross_hatched,
          chequers_temple_overflow_minitemple, minmay_temple_entry_grid,
          lightli_sewer_entry_pipes, minmay_fractal_squares_gapless_5,
          uniq_crazy_yiuf_cottage, uniq_maggie, uniq_duvessa
D:7:      layout_loops_ring, minmay_strange_pillars, uniq_pikel
D:8:      layout_loops_ring, okawaru_trees_2, tgw_kikubaaqudgha,
          minmay_manual_maat, uniq_psyche
D:9:      layout_basic, nicolae_gozag_cash_rules_everything_around_me,
          nicolae_tso_carved_into_rock, enter_bailey_5, uniq_joseph
D:10:     layout_big_octagon, zombieorc2_lemuel, serial_shops,
          nicolae_shop_statue_plus, shop_coins, minmay_misc_feat_tiny,
          minmay_radiant

Skill      XL: |  1  2  3  4  5  6  7  8  9 10 11 |
---------------+----------------------------------+-----
Fighting       | 4 5 6 7 9 11 12 | 12.7
Axes           | 4 5 6 7 9 11 12 | 12.6
Armour         | 3 4 5 6 7 9 11 12 | 12.4
Dodging        | 3 4 5 6 7 |  7.5

Action                   |  1- 3 |  4- 6 |  7- 9 | 10-12 || total
-------------------------+-------+-------+-------+-------++-------
Melee: Hand axe          |    67 |   101 |       |       ||   168
       Headbutt          |    12 |    21 |    58 |    39 ||   130
       Flail             |       |    13 |   179 |       ||   192
       Battleaxe         |       |       |    74 |   236 ||   310
Throw: Boomerang         |       |       |       |    31 ||    31
Invok: Berserk           |       |     1 |     1 |     4 ||     6
       Brothers in Arms  |       |       |       |     4 ||     4
       Trog's Hand       |       |       |       |     4 ||     4
  Use: Scroll            |       |       |       |     3 ||     3
Armor: Animal skin       |     5 |       |       |       ||     5
       Chain mail        |    22 |    48 |    31 |       ||   101
       Swamp dragon scal |       |       |    82 |    85 ||   167
Dodge: Dodged            |    40 |    52 |   160 |   193 ||   445
